 Dungeon Crawl Stone Soup version 0.30.1-4-g462c640d31 (webtiles) character file.

Game seed: 2219399554827788014

394 croobank the Covered (level 6, 0/82 HPs)
             Began as an Armataur Berserker on Aug 24, 2023.
             Was a Follower of Trog.
             Succumbed to a killer bee's poison
             ... on level 3 of the Dungeon.
             The game lasted 00:04:19 (1549 turns).

croobank the Covered (Armataur Berserker)           Turns: 1549, Time: 00:04:19

Health: 0/82       AC:  4    Str: 30    XL:     6   Next: 52%
Magic:  6/6        EV: 10    Int:  8    God:    Trog [*.....]
Gold:   88         SH:  0    Dex:  9    Spells: 5/5 levels left

rFire   . . .        a - +1 hand axe
rCold   . . .        (no shield)
rNeg    . . .        b - +0 animal skin
rPois   .            (no helmet)
rElec   .            (no cloak)
rCorr   .            (no gloves)
SInv    .            (no barding)
Will    .....        (no amulet) Stlth
                     d - +6 ring of strength
HPRegen 0.33/turn    (no ring)
MPRegen 0.10/turn

%: roll
@: berserking, lethally poisoned (0 -> -10), very quick
A: large, rugged brown scales 3, deformed body, armoured tail, roll, long
tongue, awkward tongue
a: Renounce Religion, Berserk


You were on level 3 of the Dungeon.
You worshipped Trog.
Trog was aware of your devotion.
You visited 1 branch of the dungeon, and saw 4 of its levels.

You collected 88 gold pieces.

Inventory:

Hand Weapons
 a - a +1 hand axe (weapon)
 k - a +3 scythe of flaming
Missiles
 e - 4 poisoned darts (quivered)
 h - 6 javelins
Armour
 b - a +0 animal skin (worn)
Jewellery
 d - a +6 ring of strength (left hand)
Wands
 c - a wand of flame (9)
Scrolls
 g - a scroll of teleportation
 i - 2 scrolls of identify
 j - a scroll of amnesia {unknown}
 l - a scroll of noise {unknown}
Potions
 f - a potion of might


   Skills:
 + Level 4.0 Fighting
 + Level 3.7 Axes
 + Level 4.6 Armour
 + Level 2.9 Dodging


You had 5 spell levels left.
You didn't know any spells.
Your spell library contained the following spells:

 Spells                   Type           Power      Damage    Failure   Level
 Summon Guardian Golem    Hex/Summ       0%         N/A       78%         3
 Orb of Destruction       Conj           0%         9d5       100%        7
 Spellforged Servitor     Conj/Summ      0%         N/A       100%        7


Dungeon Overview and Level Annotations

Branches:
Dungeon (4/15)
 Temple: D:4-7

Altars:
Qazlal


Innate Abilities, Weirdness & Mutations

You are completely covered in rugged brown scales. (AC +3, +7% HP)
Armour fits poorly on your strangely shaped body.
You have a long armoured tail.
You roll when moving toward enemies. (Rampage)
Your long tongue fully drains potion bottles. (2x potion effects)
Your tongue gives you trouble enunciating. (1.5x scroll delay)


Message History

The killer bee stings you!
You are more poisoned.
The killer bee poisons you!
The killer bee attacks as you move away!
The killer bee completely misses you.
You feel very sick.
The killer bee buzzes angrily.
You feel very sick. The killer bee barely misses you.
The killer bee stings you but does no damage.
You feel very sick. The killer bee completely misses you.
You feel sick.
The killer bee stings you but does no damage.
You feel sick. The killer bee stings you!
You feel sick.
There is a stone staircase leading up here.
You feel sick. The killer bee stings you.
* * * LOW HITPOINT WARNING * * *
The killer bee stings you.
* * * LOW HITPOINT WARNING * * *
The killer bee misses you. The killer bee closely misses you.
You climb upwards.
Found a scroll labelled POESEH BIMMOWU, 15 gold pieces and a barding.
Found a stone staircase leading up.
There is a stone staircase leading down here.
Okay, then.
Okay, then.
A red film seems to cover your vision as you go berserk!
You feel yourself moving faster!
You feel mighty!
You feel sick. The killer bee barely misses you. The killer bee stings you.
* * * LOW HITPOINT WARNING * * *
The killer bee stings you.
* * * LOW HITPOINT WARNING * * *
The killer bee stings you!
* * * LOW HITPOINT WARNING * * *
You are more poisoned.
The killer bee poisons you!
You miss the killer bee. x2
You die...

#....## ...
....#.. #...
....... ###....
..[.... .......
....... .......
.......#.......
..?...y....#
......y@..#
....<.....#
........###
$........
.......S.
..........
........##
........#


You could see 2 killer bees and a ball python.

Vanquished Creatures
  Sigmund (D:2)
  Duvessa (D:4)
  A scorpion (D:4)
  Natasha (D:2)
  A gnoll (D:1)
  A worm (D:2)
  2 ball pythons (D:1)
  2 bats
  4 endoplasms (D:1)
  A giant cockroach (D:1)
  2 goblins
  A hobgoblin (D:4)
  2 quokkas (D:1)
  A kobold (D:1)
  2 rats (D:1)
23 creatures vanquished.

Notes
Turn   | Place    | Note
-------+----------+-------------------------------------------
     0 | D:1      | croobank the Armataur Berserker began the quest for the
                  | Orb.
     0 | D:1      | Reached XP level 1. HP: 19/19 MP: 1/1
   102 | D:1      | Reached XP level 2. HP: 8/26 MP: 2/2
   889 | D:2      | Reached XP level 3. HP: 9/33 MP: 3/3
  1020 | D:2      | Noticed Natasha
  1026 | D:2      | Killed Natasha
  1180 | D:2      | Noticed Sigmund
  1185 | D:2      | Killed Sigmund
  1186 | D:2      | Reached XP level 4. HP: 42/42 MP: 4/4
  1186 | D:2      | Reached XP level 5. HP: 49/49 MP: 5/5
  1212 | D:2      | You fall into a shaft and drop 2 floors!
  1241 | D:4      | Found a stormy altar of Qazlal.
  1244 | D:4      | Noticed Duvessa
  1266 | D:4      | Killed Duvessa
  1267 | D:4      | Reached XP level 6. HP: 8/55 MP: 6/6
  1548 | D:3      | HP: 2/82 [killer bee (7)]
  1549 | D:3      | Succumbed to a killer bee's poison

Illustrated notes

Levels and vault maps discovered:
D:1:      lightli_molten_gateway, layout_basic
D:2:      wander_river, layout_basic, hex_large, kennysheep_path_1,
          uniq_natasha, uniq_sigmund
D:3:      layout_rooms
D:4:      layout_loops_ring, nicolae_qazlal_general_emergency, uniq_duvessa

Skill      XL: |  1  2  3  4  5  6 |
---------------+-------------------+-----
Fighting       | 3 4 |  4.0
Armour         | 3 4 |  4.6
Axes           | 3 |  3.7
Dodging        | 2 |  2.9

Action                     |  1- 3 |  4- 6 || total
---------------------------+-------+-------++-------
  Melee: Hand axe          |    46 |    21 ||    67
         Tailslap          |     5 |     3 ||     8
  Throw: Dart              |       |     3 ||     3
 Invoke: Berserk           |     2 |     2 ||     4
    Use: Scroll            |     3 |       ||     3
         Potion            |       |     1 ||     1
   Stab: Sleeping          |     1 |       ||     1
 Armour: Animal skin       |    16 |     7 ||    23
  Dodge: Dodged            |    16 |    12 ||    28
